 Dungeon Crawl Stone Soup version 0.22-a0-456-g11ed031 (webtiles) character file.

64 opiumtea the Skirmisher (level 3, -1/30 HPs)
             Began as a Demonspawn Berserker on June 7, 2018.
             Was a Believer of Trog.
             Slain by a worm (4 damage)
             ... on level 1 of the Dungeon.
             The game lasted 00:06:16 (1103 turns).

opiumtea the Skirmisher (Demonspawn Berserker)      Turns: 1103, Time: 00:06:17

Health: -1/30      AC:  5    Str: 17    XL:     3   Next: 91%
Magic:  3/3        EV: 12    Int:  8    God:    Trog [**....]
Gold:   58         SH:  0    Dex: 13    Spells: 2/2 levels left

rFire    . . .     SeeInvis .   a - +0 falchion
rCold    . . .     Gourm    .   (no shield)
rNeg     . . .     Faith    .   d - +0 animal skin
rPois    .         Spirit   .   (no helmet)
rElec    .         Reflect  .   e - +0 cloak
rCorr    .         Harm     .   (no gloves)
MR       .....                  (no boots)
Stlth    +.........             (no amulet)
HPRegen  1.10/turn              (no ring)
MPRegen  0.08/turn              (no ring)

@: lethally poisoned (-1 -> -1)
A: molten scales 1, powered by death 1
a: Berserk, Trog's Hand, Renounce Religion


You were on level 1 of the Dungeon.
You worshipped Trog.
Trog was pleased with you.
You were not hungry.

You visited 1 branch of the dungeon, and saw 2 of its levels.

You collected 58 gold pieces.

Inventory:

Hand Weapons
 a - a +0 falchion (weapon)
 b - a +0 hunting sling
Missiles
 l - 19 sling bullets
Armour
 d - a +0 animal skin (worn)
 e - a +0 cloak (worn)
 f - a cursed +0 ring mail
Scrolls
 j - a scroll of enchant armour {unknown}
 m - a scroll of magic mapping {unknown}
Potions
 g - a potion of curing {unknown}
 k - a potion of haste {unknown}
Comestibles
 c - 2 rations
 h - 6 chunks of flesh


   Skills:
 + Level 3.9 Fighting
 + Level 3.6 Long Blades
 - Level 1.8 Armour
 - Level 1.8 Dodging


You had 2 spell levels left.
You didn't know any spells.
Your spell library was empty.

Dungeon Overview and Level Annotations

Branches:
Dungeon (2/15)

Altars:


Innate Abilities, Weirdness & Mutations

You are partially covered in molten scales. (AC +2)
You regenerate a little health from kills.


Message History

The adder moves out of view.
You hit the worm.
The worm is lightly wounded.
The bat closely misses you.
You riposte.
You miss the bat. The bat hits you but does no damage.
The worm closely misses you.
You climb upwards.
There is a stone staircase leading down here.
You hit the worm.
The worm is lightly wounded.
You feel sick. The bat hits you but does no damage. The worm bites you.
* * * LOW HITPOINT WARNING * * *
You hit the bat but do no damage. The bat hits you.
* * * LOW HITPOINT WARNING * * *
The bat hits you but does no damage. The bat barely misses you.
You hit the bat.
You kill the bat!
Trog accepts your kill.
You can now call upon Trog for regeneration and magic resistance.
The worm bites you.
You die...

##### ###### ########...####
####### #....# #......#......#
#.....# #....# #.####........#
#.....# #....#
#.#######.....###.....# #....##
#.#....[.....)†@#.....####....##
#.#.######.####w#.............##
#...######+####................'
####.........##.#......###.....#
#.##.........##.#......# #.....#
#............##.#......# ###+#.#
#..#.........##.#......# #...#
##.#.#####'####.#.##############
#.#.......# #..#.#........#....


You could see a worm.

Vanquished Creatures
  A gnoll (D:1)
  2 adders
  An ooze (D:1)
  6 bats
  4 goblins
  5 hobgoblins
  3 jackals (D:2)
  4 kobolds
  A ball python (D:1)
  2 frilled lizards (D:1)
  3 rats (D:1)
32 creatures vanquished.

Notes
Turn   | Place    | Note
-------+----------+-------------------------------------------
     0 | D:1      | opiumtea the Demonspawn Berserker began the quest for the Orb.
     0 | D:1      | Reached XP level 1. HP: 18/18 MP: 1/1
    60 | D:1      | Gained mutation: You are partially covered in molten scales. (AC +2) [demonic ancestry]
    60 | D:1      | Reached XP level 2. HP: 16/24 MP: 2/2
   729 | D:1      | Gained mutation: You regenerate a little health from kills. [demonic ancestry]
   729 | D:1      | Reached XP level 3. HP: 29/29 MP: 3/3
  1103 | D:1      | Reached ** piety under Trog
  1103 | D:1      | Slain by a worm

Vault maps used:
D:1:      giann_wishing_wells, minmay_misc_feat_cross, minmay_bisected
D:2:      lemuel_doored_altar, first_ration, kennysheep_crisscross

Skill      XL: |  1 |
---------------+----+-----
Long Blades    | 3 |  3.6
Fighting       | |  3.9
Armour         | |  1.8
Dodging        | |  1.8

Action                   || total
-------------------------++-------
Melee: Falchion          ||    93
Invok: Berserk           ||     2
  Use: Scroll            ||     2
  Eat: Ration            ||     1
Armor: Animal skin       ||    51
Dodge: Dodged            ||    87
       Rpst.: Falchion   ||    30

Table legend:
 A = Spawn XP
 B = Non-spawn XP
 C = Spawn XP percentage of total XP
 D = Spawn monster count
 E = Non-spawn monster count
 F = Spawn count percentage of total count
 G = Total turns spent on level
                    A         B        C        D         E        F      G
               +---------+---------+-------+---------+---------+-------+---------
         Total |       0 |      92 |   0.0 |       0 |      32 |   0.0 |  1103
               +---------+---------+-------+---------+---------+-------+---------
           D:1 |       0 |      66 |   0.0 |       0 |      24 |   0.0 |  1037
           D:2 |       0 |      26 |   0.0 |       0 |       8 |   0.0 |    66
               +---------+---------+-------+---------+---------+-------+---------
